 Dungeon Crawl Stone Soup version 0.29.1-1-gd02db6906a (webtiles) character file.

Game seed: 1755069873168616566

636 EvilAshe the Caller (level 7, 0/46 HPs)
             Began as a Merfolk Summoner on Sept 21, 2022.
             Was an Initiate of Hepliaklqana.
             Shot with an arrow by a centaur (7 damage)
             ... on level 5 of the Dungeon.
             The game lasted 00:23:16 (7737 turns).

EvilAshe the Caller (Merfolk Summoner)              Turns: 7737, Time: 00:23:17

Health: 0/46       AC:  4    Str:  9    XL:     7   Next: 50%
Magic:  8/13       EV: 13    Int: 16    God:    Hepliaklqana [......]
Gold:   231        SH:  0    Dex: 14    Spells: 8/14 levels left

rFire   + . .      SeeInvis .   b - +0 sling
rCold   . . .      Faith    .   (no shield)
rNeg    . . .      Spirit   .   j - +0 leather armour
rPois   .          Reflect  .   r - +0 helmet
rElec   .          Harm     .   (no cloak)
rCorr   .          Rampage  .   (no gloves)
Will    .....                   (no boots)
Stlth   ++........              (no amulet)
HPRegen 0.15/turn               k - ring of protection from fire
MPRegen 0.13/turn               (no ring)

@: no status effects
A: (nimble swimmer 2), mertail
a: Renounce Religion


You were on level 5 of the Dungeon.
You worshipped Hepliaklqana.
Hepliaklqana was noncommittal.
You visited 2 branches of the dungeon, and saw 6 of its levels.

You collected 231 gold pieces.

Inventory:

Hand Weapons
 a - a +0 club
 b - a +0 sling (weapon)
Missiles
 u - 3 javelins
Armour
 c - a +0 robe
 j - a +0 leather armour (worn)
 r - a +0 helmet (worn)
Jewellery
 k - a ring of protection from fire (left hand)
Scrolls
 e - 2 scrolls of fear {unknown}
 g - a scroll of immolation {unknown}
 h - a scroll of fog {unknown}
 i - a scroll of amnesia {unknown}
 l - 3 scrolls of identify {unknown}
 m - a scroll of brand weapon {unknown}
 n - a scroll of vulnerability {unknown}
 p - 2 scrolls of poison {unknown}
 t - a scroll of enchant weapon {unknown}
 v - a scroll of teleportation {unknown}
Potions
 d - a potion of magic
 f - 4 potions of curing {unknown}
 o - a potion of mutation {unknown}
 q - 2 potions of heal wounds {unknown}
 s - a potion of ambrosia {unknown}
 w - a potion of flight {unknown}
 x - a potion of brilliance {unknown}


   Skills:
 - Level 4.5 Dodging
 - Level 3.9 Stealth
 + Level 4.3 Spellcasting
 * Level 6.6 Summonings


You had 8 spell levels left.
You knew the following spells:

 Your Spells              Type           Power      Damage    Failure   Level
a - Summon Small Mammal   Summ           96%        N/A       1%          1
b - Call Imp              Summ           24%        N/A       2%          2
c - Call Canine Familiar  Summ           24%        N/A       4%          3

Your spell library contained the following spells:

 Spells                   Type           Power      Damage    Failure   Level
 Summon Guardian Golem    Hex/Summ       14%        N/A       17%         3
 Magic Dart               Conj           12%        1d3       22%         1
 Searing Ray              Conj           6%         2d4       34%         2
 Summon Lightning Spire   Summ/Air       14%        N/A       50%         4
 Fulminant Prism          Conj/Hex       1%         3d6       92%         4
 Iskenderun's Battlesphe  Conj           3%         2d6       99%         5
 Iron Shot                Conj/Erth      1%         9d1       100%        6
 Spellforged Servitor     Conj/Summ      7%         N/A       100%        7


Dungeon Overview and Level Annotations

Branches:
Dungeon (5/15)             Temple (1/1) D:4

Altars:
Ashenzari
Dithmenos
Gozag
Hepliaklqana
Kikubaaqudgha
Nemelex Xobeh
Ru
Sif Muna
Uskayaw
Wu Jian
Xom
Yredelemnul
Zin
Jiyva

Shops:
D:3 :   D:4 [

Annotations:
D:4 Blork the orc, Dowan, Duvessa


Innate Abilities, Weirdness & Mutations

((You are very nimble when in or above water. (Stealth+, EV+, Speed+++)))
Your lower body shifts to a powerful aquatic tail in water.


Message History

Confirm with . or Enter, or press ? or * to list all spells.
The centaur shoots an arrow.
The arrow barely misses your hound. The arrow hits you.
The centaur shoots an arrow.
The arrow hits your hound!
The centaur shoots an arrow.
The arrow completely misses your hound. The arrow barely misses you.
Your hound bites the centaur.
What are your orders? t - Shout!
Orders for allies: a - Attack new target. p - Attack previous target. r - Retreat! s - Stop attacking. g - Guard the area. f - Follow me.
Anything else - Cancel.
Gang up on whom?
Press: ? - help, Dir - move target, f/p - centaur
Aim: a centaur, wielding a +0 vorpal shortbow (almost dead, ally target) Attack!
The centaur shoots an arrow.
The arrow hits your hound!
Your hound dies!
Your hound's corpse disappears in a puff of smoke!
The centaur shoots an arrow.
The arrow closely misses you.
Casting: Call Canine Familiar (dangerous; 4% risk of failure)
Confirm with . or Enter, or press ? or * to list all spells.
The centaur shoots an arrow.
The arrow closely misses you.
You swap places.
The centaur shoots an arrow.
The arrow misses your hound. The arrow hits you.
* * * LOW HITPOINT WARNING * * *
x2 What are your orders? t - Shout!
Orders for allies: a - Attack new target. p - Attack previous target. r - Retreat! s - Stop attacking. g - Guard the area. f - Follow me.
Anything else - Cancel.
Gang up on whom?
Press: ? - help, Dir - move target, f/p - centaur
Aim: a centaur, wielding a +0 vorpal shortbow (almost dead, ally target) Attack!
The centaur shoots an arrow.
The arrow hits your hound.
The centaur shoots an arrow.
The arrow barely misses your hound. The arrow hits you.
* * * LOW HITPOINT WARNING * * *
x2 The centaur shoots an arrow.
The arrow barely misses your hound. The arrow hits you!
You die...

#..........#.#
####.#####.#.# #.#
#.#.# #.# #.#.#
#.# #.#.# #.#
#.#.# ... #.#
#.#.# ...# #.#
#.#.# ## #@# #.#.#
#.# #.#.# #.#
#.#.# #.# #.#.# zz
#.#####'#'##.#
#h#........#.# #
#.#........#.#+#'#
#c#........#......
#.#........z......


You could see a centaur (ally target) and a friendly hound (summoned).

Vanquished Creatures
  A scorpion (D:4)
  A howler monkey (D:5)
  Natasha (twice) (D:2)
  4 adders
  A dart slug (D:4)
  5 orcs (D:3)
  3 bats
  4 endoplasms
  2 giant cockroaches
  3 goblins
  5 hobgoblins
  5 kobolds
  3 quokkas
  5 ball pythons (D:1)
  3 frilled lizards
  3 rats
50 creatures vanquished.

Vanquished Creatures (collateral kills)
  A scorpion (D:5)
  4 hounds
  Natasha (D:2)
  Robin (D:2)
  3 adders
  A worm (D:4)
  A dart slug (D:4)
  2 orcs (D:3)
  4 endoplasms
  7 hobgoblins
  3 quokkas (D:1)
  A ball python (D:1)
  2 frilled lizards (D:1)
  10 goblins
  2 kobolds
  A rat (D:2)
44 creatures vanquished.

Vanquished Creatures (others)
  Eustachio (Temple)
  3 plants (D:2)
  4 toadstools (D:1)
8 creatures vanquished.

Grand Total: 102 creatures vanquished

Notes
Turn   | Place    | Note
-------+----------+-------------------------------------------
     0 | D:1      | EvilAshe the Merfolk Summoner began the quest for the Orb.
     0 | D:1      | Reached XP level 1. HP: 13/13 MP: 3/3
   420 | D:1      | Reached XP level 2. HP: 19/19 MP: 3/5
  1223 | D:2      | Found a broken altar of Ashenzari.
  1320 | D:1      | Reached XP level 3. HP: 12/24 MP: 2/6
  1473 | D:1      | Learned a level 2 spell: Call Imp
  2225 | D:2      | Noticed Robin
  2346 | D:2      | Reached XP level 4. HP: 24/30 MP: 7/7
  2490 | D:2      | Killed Robin
  2768 | D:2      | Noticed Natasha
  2789 | D:2      | Killed Natasha
  2816 | D:2      | Noticed Natasha
  2823 | D:2      | Killed Natasha
  2824 | D:2      | Reached XP level 5. HP: 32/35 MP: 7/9
  3040 | D:2      | Noticed Natasha
  3047 | D:2      | Killed Natasha
  3416 | D:3      | Found a hazy altar of Hepliaklqana.
  3447 | D:3      | Became a worshipper of Hepliaklqana the Forgotten
  4273 | D:3      | Found Ecein's Book Emporium.
  4590 | D:3      | Reached skill level 5 in Summonings
  4590 | D:3      | Reached XP level 6. HP: 39/41 MP: 5/11
  4638 | D:3      | Learned a level 3 spell: Call Canine Familiar
  4733 | D:4      | Found a shadowy altar of Dithmenos.
  4776 | D:3      | Identified the +1 leather armour "Xuijit" {Fly Dex+3}
  5015 | D:4      | Noticed Eustachio
  5145 | D:4      | Noticed Duvessa
  5145 | D:4      | Noticed Dowan
  5349 | D:4      | Found Zusaemiz's Antique Armour Boutique.
  5440 | D:5      | Entered Level 5 of the Dungeon
  6192 | D:4      | Noticed Blork the orc
  6648 | D:4      | Reached skill level 6 in Summonings
  6648 | D:4      | Reached XP level 7. HP: 36/46 MP: 7/12
  6737 | D:4      | Found a staircase to the Ecumenical Temple.
  6799 | D:4      | Found an ornate altar of the Wu Jian Council.
  6870 | Temple   | Entered the Ecumenical Temple
  6886 | Temple   | Killed Eustachio
  7737 | D:5      | Shot with an arrow by a centaur

Illustrated notes

Levels and vault maps discovered:
D:1:      ldierk_walled_garden_2, layout_loops_ring, hangedman_decor_points,
          chequers_big_river, minmay_tall_x
D:2:      layout_basic, serial_forest, infiniplex_forest_side_room,
          infiniplex_forest_3_way, infiniplex_forest_clump_tiny,
          infiniplex_forest_clump_curved, infiniplex_forest_lined_3,
          infiniplex_forest_clump_cross, basic_altar, nrook_campfire,
          uniq_natasha, uniq_robin
D:3:      layout_basic, nzn_hepliaklqana_mist_gate, serial_shops,
          nicolae_lakefront_shop
D:4:      layout_loops_cross, mainiacjoe_overflow_alcove_4,
          mainiacjoe_overflow_chevrons, minmay_temple_entry_large_hall,
          serial_shops, shop, uniq_blork_the_orc, uniq_duvessa, uniq_eustachio
D:5:      layout_basic, nicolae_ossuary_entry_plus
Temple:   pf_slimified_temple

Skill      XL: |  1  2  3  4  5  6  7 |
---------------+----------------------+-----
Dodging        | 3 4 |  4.5
Stealth        | 3 |  3.9
Spellcasting   | 3 4 |  4.3
Summonings     | 5 6 |  6.6

Action                   |  1- 3 |  4- 6 |  7- 9 || total
-------------------------+-------+-------+-------++-------
Melee: Club              |    38 |   104 |    12 ||   154
       Unarmed           |     2 |       |       ||     2
       Punch             |     1 |     1 |       ||     2
 Fire: Sling             |    75 |   103 |    15 ||   193
 Cast: Summon Small Mamm |    29 |    33 |     1 ||    63
       Call Imp          |     1 |    26 |     5 ||    32
       Call Canine Famil |       |       |     6 ||     6
 Stab: Distracted        |     1 |       |       ||     1
       Sleeping          |     1 |     1 |       ||     2
Armor: Leather armour    |    14 |    54 |    12 ||    80
       Robe              |     2 |       |       ||     2
Dodge: Dodged            |    71 |   173 |    46 ||   290
